 Dungeon Crawl Stone Soup version 0.24.0-125-gc4c63601f3 (webtiles) character file.

Game seed: 5496341269600215051, levelgen mode: deterministic

835 straycat the Skirmisher (level 7, 0/60 HPs)
             Began as a Vampire Fighter on Mar 10, 2020.
             Blown up by Pikel (10 damage)
             ... with a disintegration bolt
             ... on level 4 of the Dungeon.
             The game lasted 00:16:02 (3830 turns).

straycat the Skirmisher (Vampire Fighter)           Turns: 3830, Time: 00:16:03

Health: 0/60       AC: 14    Str: 17    XL:     7   Next: 66%
Magic:  7/7        EV: 10    Int: 11    God:
Gold:   235        SH:  0    Dex: 18    Spells: 6/6 levels left

rFire    . . .     SeeInvis +   p - +2 dagger (venom)
rCold    . . .     Gourm    .   b - +0 shield
rNeg     . . .     Faith    .   A - +4 scale mail {rPois}
rPois    +         Spirit   .   v - +0 helmet
rElec    .         Reflect  .   (no cloak)
rCorr    .         Harm     .   r - +0 pair of gloves
MR       .....                  x - +1 pair of boots
Stlth    ..........             (no amulet)
HPRegen  0.40/turn              j - +5 ring of dexterity
MPRegen  0.10/turn              (no ring)

@: confused, flying, regenerating quickly
A: no food, fangs 3, see invisible, unbreathing
a: Exsanguinate


You were on level 4 of the Dungeon.
You were alive.

You visited 1 branch of the dungeon, and saw 5 of its levels.

You collected 235 gold pieces.

Inventory:

Hand Weapons
 e - a +0 hunting sling
 p - a +2 dagger of venom (weapon)
 t - a +0 falchion
Missiles
 i - 24 bolts
 s - 46 arrows
 w - 15 poisoned darts
 y - 3 boomerangs (quivered)
Armour
 b - a +0 shield (worn)
 k - a +0 ring mail
 r - a +0 pair of gloves (worn)
 u - a +1 animal skin
 v - a +0 helmet (worn)
 x - a +1 pair of boots (worn)
 A - a +4 scale mail of poison resistance (worn)
Jewellery
 j - a +5 ring of dexterity (left hand)
Scrolls
 a - a scroll of immolation {unknown}
 f - a scroll of enchant armour {unknown}
 h - a scroll of fear
 l - a scroll of remove curse
 m - 2 scrolls of identify
 n - 5 scrolls of teleportation
Potions
 g - a potion of agility {unknown}
 o - a potion of ambrosia
 q - a potion of magic {unknown}
 z - a potion of lignification {unknown}


   Skills:
 * Level 7.0 Fighting
 - Level 2.4 Armour
 + Level 5.2 Dodging
 - Level 2.6 Shields
 - Level 2.1 Unarmed Combat


You had 6 spell levels left.
You didn't know any spells.
Your spell library was empty.

Dungeon Overview and Level Annotations

Branches:
Dungeon (5/15)
 Temple: D:4-7

Altars:
Ashenzari
Yredelemnul

Annotations:
D:4 Grinder, Pikel
D:5 Menkaure


Innate Abilities, Weirdness & Mutations

You do not eat.
Your natural rate of healing is unusually fast.
You have razor-sharp teeth.
You have supernaturally acute eyesight. (SInv)
You can survive without breathing.


Message History

You block the adder's attack. Pikel hits you but does no damage.
Grinder blinks!
You hit Pikel.
Pikel looks as sick as possible!
You bite Pikel.
Pikel is moderately wounded.
The adder closely misses you. Pikel hits you but does no damage.
The adder bites you.
You hit Pikel but do no damage.
Pikel looks as sick as possible!
Pikel is moderately wounded.
Pikel zaps a wand.
You are blasted!
* * * LOW HITPOINT WARNING * * *
Grinder blinks!
The adder bites you.
* * * LOW HITPOINT WARNING * * *
It was a potion of flight.
You feel very buoyant.
You fly up into the air.
Pikel hits you but does no damage. The adder bites you but does no damage.
You are confused.
You feel invigorated. The adder bites you but does no damage.
Pikel zaps a wand.
You are blasted!
You die...

#≈≈≈≈≈..# #<#.#...######
##≈≈.≈≈≈.######.#.#...[....######
.....≈≈..#............####)......
..≈..≈≈.≈#.####..###.## ########
.#...≈≈≈......#..###.#
.#...≈≈..#.##........#
.#.≈.≈.≈.#.##.##5#.###
.#.≈.≈.≈.#.....K.#.#
..≈....≈≈####.##@#.# ##...≈≈..#
#.##S#.# ##..≈≈.## #.).p[.#
#<.≈≈.# #####[### #..≈≈.#
#...[..### #.#≈≈## #........#
#.##≈# #..##..#.# #.##≈#
#......#.# ######## #...##.#.#


You could see Pikel, Grinder, a slave and an adder.

Vanquished Creatures
  A hippogriff (D:4)
  A slave (D:4)
  A phantom (D:5)
  2 ogres (D:4)
  An orc priest (D:4)
  Jessica (D:3)
  3 orc wizards (D:4)
  3 worker ants (D:4)
  3 hound skeletons
  Robin (D:2)
  3 adders
  An ooze (D:2)
  5 worms
  2 dart slugs
  4 leopard geckos
  10 orcs
  5 bats
  9 giant cockroaches
  16 goblins
  8 hobgoblins
  4 jackals (D:2)
  3 quokkas
  4 frilled lizards
  4 kobolds
  7 rats
102 creatures vanquished.

Vanquished Creatures (others)
  5 toadstools (D:1)
5 creatures vanquished.

Grand Total: 107 creatures vanquished

Notes
Turn   | Place    | Note
-------+----------+-------------------------------------------
     0 | D:1      | straycat the Vampire Fighter began the quest for the Orb.
     0 | D:1      | Reached XP level 1. HP: 17/17 MP: 1/1
   148 | D:1      | Reached skill level 3 in Fighting
   158 | D:1      | Reached XP level 2. HP: 23/24 MP: 2/2
   160 | D:1      | Reached skill level 1 in Dodging
   816 | D:2      | Reached XP level 3. HP: 29/29 MP: 3/3
   906 | D:2      | Found a shattered altar of Ashenzari.
  1131 | D:2      | Noticed Robin
  1152 | D:2      | Killed Robin
  1152 | D:2      | Reached skill level 4 in Fighting
  1152 | D:2      | Reached XP level 4. HP: 21/37 MP: 4/4
  1799 | D:3      | Noticed Jessica
  1807 | D:3      | Killed Jessica
  1818 | D:3      | Found a basalt altar of Yredelemnul.
  2314 | D:3      | Reached XP level 5. HP: 43/43 MP: 5/5
  2518 | D:4      | Noticed a hippogriff
  2540 | D:4      | Killed a hippogriff
  2540 | D:4      | Reached skill level 5 in Fighting
  2540 | D:4      | Reached XP level 6. HP: 16/51 MP: 6/6
  2825 | D:4      | Reached skill level 6 in Fighting
  2969 | D:4      | Reached XP level 7. HP: 43/58 MP: 7/7
  3564 | D:5      | Entered Level 5 of the Dungeon
  3601 | D:5      | Reached skill level 5 in Dodging
  3632 | D:5      | Noticed Grinder
  3643 | D:5      | Paralysed by Grinder for 4 turns
  3700 | D:4      | Reached skill level 7 in Fighting
  3807 | D:5      | Noticed Pikel
  3814 | D:5      | Paralysed by Grinder for 6 turns
  3814 | D:5      | Noticed Menkaure
  3830 | D:4      | Blown up by Pikel

Levels and vault maps discovered:
D:1:      minmay_arrival_radiant_lines, layout_basic, serial_bayou_pond_d,
          minmay_gold_behind_fungi
D:2:      layout_loops_corners, nicolae_ashenzari_panopticon, uniq_robin
D:3:      layout_basic, lemuel_doored_altar, uniq_jessica
D:4:      layout_loops_cross, first_ration, chequers_serial_rivers_small_3,
          minivault_27
D:5:      layout_loops_ring, old_standard_altar, nicolae_overflow_crystal_walls,
          kennysheep_mini, uniq_eustachio, uniq_grinder,
          uniq_crazy_yiuf_cottage, uniq_pikel, uniq_menkaure

Skill      XL: |  1  2  3  4  5  6  7 |
---------------+----------------------+-----
Fighting       | 3 4 5 6 7 |  7.0
Dodging        | 1 2 3 4 5 |  5.2
Armour         | |  2.4
Shields        | |  2.6
Unarmed Combat | |  2.1

Action                   |  1- 3 |  4- 6 |  7- 9 || total
-------------------------+-------+-------+-------++-------
Melee: Unarmed           |    86 |       |       ||    86
       Bite              |    18 |    18 |     8 ||    44
       Dagger            |    67 |   148 |    81 ||   296
Throw: Boomerang         |       |       |    37 ||    37
  Use: Potion            |     1 |       |     4 ||     5
       Scroll            |       |     8 |       ||     8
Armor: Plate armour      |   119 |    21 |       ||   140
       Scale mail        |       |    39 |    50 ||    89
Dodge: Dodged            |    21 |    36 |    37 ||    94
Block: Shield            |    75 |    67 |    28 ||   170
